 Dungeon Crawl Stone Soup version 0.26.1-11-gd32895ea62 (webtiles) character file.

Game seed: 16548585009383745104

33495 woolyfrog the Tortoise (level 13, -1/142 HPs)
             Began as a Minotaur Monk on Apr 29, 2021.
             Was the Champion of Okawaru.
             Slain by a death yak (12 damage)
             ... on level 4 of the Lair of Beasts.
             The game lasted 00:50:25 (15874 turns).

woolyfrog the Tortoise (Minotaur Monk)             Turns: 15874, Time: 00:50:25

Health: -1/142     AC: 26    Str: 20    XL:     13   Next: 37%
Magic:  12/12      EV:  2    Int:  7    God:    Okawaru [******]
Gold:   870        SH:  5    Dex: 14    Spells: 12/12 levels left

rFire    . . .     SeeInvis .   a - +3 whip (elec)
rCold    + . .     Faith    .   y - +0 buckler
rNeg     + + +     Spirit   .   (armour currently unavailable)
rPois    +         Reflect  .   (helmet currently unavailable)
rElec    .         Harm     .   (cloak currently unavailable)
rCorr    .         Rampage  .   (gloves currently unavailable)
Will     .....     NoTele   +   (boots currently unavailable)
Stlth    +++.......             B - amulet of regeneration
HPRegen  0.73/turn              d - ring of protection from cold
MPRegen  0.13/turn              E - ring of stealth

@: tree-form (expiring), weak-willed
A: (retaliatory headbutt)
a: Renounce Religion, Heroism, Finesse


You were on level 4 of the Lair of Beasts.
You worshipped Okawaru.
Okawaru was exalted by your worship.
You were a tree.
You visited 3 branches of the dungeon, and saw 15 of its levels.
You also visited: Ossuary.

You collected 870 gold pieces.

Inventory:

Hand Weapons
 a - a +3 whip of electrocution (weapon)
 b - a +0 hand crossbow
Missiles
 N - 148 bolts
Armour
 i - a +0 kite shield
 j - a +2 pair of boots (melded)
 y - a +0 buckler (worn)
 F - a +2 hat (melded)
 P - a +2 ring mail of fire resistance (melded)
Jewellery
 d - a ring of protection from cold (left branch)
 z - an uncursed ring of flight
 B - an amulet of regeneration (around neck)
 E - a ring of stealth (right branch)
Wands
 m - a wand of paralysis (5)
 r - a wand of flame (47)
 u - a wand of enslavement (4)
 I - a wand of acid (2)
 K - a wand of random effects (3)
Scrolls
 l - 8 scrolls of teleportation
 o - 2 scrolls of magic mapping
 p - 6 scrolls of remove curse
 w - 3 scrolls of fear
 x - a scroll of summoning
 A - 5 scrolls of fog
 C - a scroll of silence
 D - 2 scrolls of identify
 L - a scroll of amnesia
 O - a scroll of blinking
Potions
 f - 3 potions of mutation
 g - 6 potions of attraction
 h - 2 potions of resistance
 n - 2 potions of cancellation
 q - a potion of berserk rage
 s - 3 potions of haste
 t - a potion of flight
 v - a potion of invisibility
 G - 2 potions of brilliance


   Skills:
 - Level 3.6 Fighting
 - Level 12.0 Maces & Flails
 - Level 10.0 Crossbows
 - Level 18.6 Armour
 - Level 3.2 Dodging
 - Level 1.5 Stealth
 * Level 6.1 Shields
 - Level 6.2 Evocations


You had 12 spell levels left.
You didn't know any spells.
Your spell library contained the following spells:

 Spells                   Type           Power        Failure   Level
 Animate Skeleton         Necr           0%           43%         1
 Beastly Appendage        Tmut           0%           43%         1
 Pain                     Necr           0%           43%         1
 Shock                    Conj/Air       0%           43%         1
 Sting                    Tmut/Pois      0%           43%         1
 Poisonous Vapours        Pois/Air       0%           56%         2
 Sublimation of Blood     Necr           0%           56%         2
 Swiftness                Air            0%           56%         2
 Wereblood                Tmut           0%           56%         2
 Ignite Poison            Fire/Tmut/Pois 0%           80%         3
 Mephitic Cloud           Conj/Pois/Air  0%           80%         3
 Spider Form              Tmut/Pois      0%           80%         3
 Static Discharge         Conj/Air       0%           80%         3
 Vampiric Draining        Necr           0%           80%         3
 Airstrike                Air            0%           99%         4
 Animate Dead             Necr           0%           99%         4
 Cause Fear               Hex            0%           99%         4
 Ice Form                 Ice/Tmut       0%           99%         4
 Olgreb's Toxic Radiance  Pois           0%           99%         4
 Summon Lightning Spire   Summ/Air       0%           99%         4
 Agony                    Necr           0%           100%        5
 Blade Hands              Tmut           0%           100%        5
 Lightning Bolt           Conj/Air       0%           100%        5
 Silence                  Hex/Air        0%           100%        5
 Yara's Violent Unravell  Hex/Tmut       0%           100%        5
 Discord                  Hex            0%           100%        8


Dungeon Overview and Level Annotations

Branches:
Dungeon (8/15)             Temple (1/1) D:7            Lair (6/6) D:8
  Swamp (0/4) Lair:3       Spider (0/4) Lair:3      Ossuary (visited)
  Slime: Lair:5-6

Altars:
Ashenzari
Cheibriados
Dithmenos
Elyvilon
Fedhas
Gozag
Hepliaklqana
Kikubaaqudgha
Makhleb
Nemelex Xobeh
Okawaru
Qazlal
Ru
Sif Muna
Trog
Uskayaw
Vehumet
Wu Jian
Xom
Yredelemnul
Zin
The Shining One

Annotations:
Lair:6 1 runed translucent door


Innate Abilities, Weirdness & Mutations

((You reflexively headbutt those who attack you in melee.))
((You have a pair of horns on your head.))


Message History

Your yak's attack snaps the death yak out of its fear.
Your rime drake bites the death yak.
The death yak gores your bullfrog!
Your bullfrog hits the death yak but does no damage.
You hit the death yak.
Lightning courses through the death yak!
The death yak is heavily wounded.
The death yak gores you but does no damage.
Your rime drake bites the death yak.
Your yak gores the death yak!
Your bullfrog completely misses the death yak.
The death yak gores your bullfrog!!
Your bullfrog dies!
Your bullfrog's corpse dissolves into shadows!
You hit the death yak.
The death yak is heavily wounded.
You hit the death yak but do no damage.
The death yak is heavily wounded.
Your transformation is almost over.
Your rime drake bites the death yak but does no damage.
The death yak gores you!
You die...

....................##...####.##.
.............................#.##
................................#
....................÷............
....................÷>÷..........
.............Y......÷........P..#
......................†...#######
.........#......#YP####...# #
######.####...#Y♣### ##..## # ###
##.YYk## #....## # ##..Y###
##....### # #.....## ##...#.###
###....### ###.....# #......#
#...... ###....# ###.... ##...##
#.#.. ##...## ###P.


You could see 3 death yaks, 3 friendly yaks and a friendly rime drake (summoned,
weak-willed).

Vanquished Creatures
  5 hydras
  The ghost of Iprivol the Destroyer, a journeyman DsCj of Sif Muna (Lair:4)
  A queen ant (Lair:2)
  3 death yaks (Lair:4)
  7 elephants (Lair:4)
  An ice statue (Lair:4)
  3 black mambas
  2 rime drakes (Lair:4)
  3 komodo dragons
  15 cane toads
  A polar bear (Lair:4)
  A tyrant leech (Lair:3)
  15 blink frogs
  A dream sheep (Lair:4)
  A redback (Lair:3)
  3 wyverns
  25 yaks
  Grum (Lair:1)
  4 basilisks
  19 soldier ants
  3 swamp worms (Lair:3)
  16 water moccasins
  An ice beast (D:8)
  2 orc warriors (D:8)
  3 sky beasts
  4 phantoms
  A black bear (Lair:2)
  13 wolves
  3 ogres
  A centaur (D:8)
  17 bullfrogs
  3 scorpions
  4 killer bees
  4 wights (D:7)
  5 howler monkeys
  A quasit (D:8)
  A human zombie (Ossuary)
  A bullfrog zombie (D:8)
  A jelly (D:6)
  4 orc wizards
  3 hounds
  3 iguanas
  21 worker ants
  4 hell rats
  2 big kobold zombies (Ossuary)
  2 mummies (Ossuary)
  9 adders
  2 shadow imps
  4 white imps
  An ufetubus (D:6)
  A dart slug (D:3)
  8 leopard geckos
  25 orcs
  2 ball pythons
  8 bats
  7 giant cockroaches
  9 goblins
  7 hobgoblins
  5 jackals
  3 quokkas (D:4)
  A ball python skeleton (D:4)
  2 frilled lizards
  2 goblin zombies (Ossuary)
  5 hobgoblin zombies (Ossuary)
  3 jackal zombies (Ossuary)
  5 kobolds
  13 kobold zombies (Ossuary)
  A leopard gecko zombie (D:8)
  9 orc zombies (Ossuary)
  A quokka skeleton (D:6)
  7 rats
  A rat zombie (Ossuary)
376 creatures vanquished.

Vanquished Creatures (others)
  A komodo dragon (Lair:6)
  26 fungi
  39 plants
66 creatures vanquished.

Grand Total: 442 creatures vanquished

Notes
Turn   | Place    | Note
-------+----------+-------------------------------------------
     0 | D:1      | woolyfrog the Minotaur Monk began the quest for the Orb.
     0 | D:1      | Reached XP level 1. HP: 19/19 MP: 0/0
   254 | D:1      | Reached XP level 2. HP: 14/26 MP: 1/1
  1172 | D:2      | Reached skill level 5 in Maces & Flails
  1172 | D:2      | Reached XP level 3. HP: 22/31 MP: 2/2
  1307 | D:2      | Reached XP level 4. HP: 37/39 MP: 3/3
  2134 | D:3      | Reached XP level 5. HP: 31/45 MP: 4/4
  3080 | D:3      | Reached XP level 6. HP: 37/51 MP: 5/5
  3842 | D:4      | Reached XP level 7. HP: 41/57 MP: 6/6
  4823 | D:5      | Entered Level 5 of the Dungeon
  4987 | D:5      | Reached skill level 10 in Maces & Flails
  5856 | D:6      | Reached XP level 8. HP: 60/64 MP: 7/7
  6198 | D:6      | Reached skill level 2 in Armour
  6667 | D:7      | Found a sand-covered staircase.
  6676 | Ossuary  | Entered an ossuary
  7118 | D:7      | Found an ornate altar of the Wu Jian Council.
  7145 | D:7      | Reached skill level 3 in Armour
  7192 | D:7      | Reached skill level 4 in Armour
  7205 | D:7      | Reached skill level 5 in Armour
  7420 | D:7      | Found a staircase to the Ecumenical Temple.
  7428 | Temple   | Entered the Ecumenical Temple
  7433 | Temple   | Became a worshipper of Warmaster Okawaru
  7433 | Temple   | Reached * piety under Okawaru
  7433 | Temple   | Reached ** piety under Okawaru
  7960 | D:8      | Reached skill level 6 in Armour
  7968 | D:7      | Reached XP level 9. HP: 35/70 MP: 8/8
  8142 | D:8      | Reached skill level 7 in Armour
  8202 | D:8      | Reached skill level 8 in Armour
  8324 | D:8      | Reached skill level 9 in Armour
  8456 | D:8      | Reached *** piety under Okawaru
  8457 | D:8      | Reached skill level 10 in Armour
  8586 | D:8      | Found a staircase to the Lair.
  8620 | D:8      | Reached skill level 11 in Armour
  8637 | D:8      | Reached XP level 10. HP: 62/77 MP: 9/9
  8653 | D:8      | Reached skill level 12 in Armour
  8657 | D:8      | Reached **** piety under Okawaru
  8856 | Lair:1   | Entered Level 1 of the Lair of Beasts
  9000 | Lair:1   | Noticed a cane toad
  9014 | Lair:1   | Killed a cane toad
  9018 | Lair:1   | Noticed a cane toad
  9026 | Lair:1   | Killed a cane toad
  9027 | Lair:1   | Reached skill level 13 in Armour
  9089 | Lair:1   | Noticed a cane toad
  9094 | Lair:1   | Killed a cane toad
  9218 | Lair:1   | Noticed Grum
  9250 | Lair:1   | Killed Grum
  9251 | Lair:1   | Reached skill level 14 in Armour
  9513 | Lair:1   | Noticed a cane toad
  9524 | Lair:1   | Killed a cane toad
  9807 | Lair:2   | Noticed a cane toad
  9820 | Lair:2   | Killed a cane toad
  9820 | Lair:2   | Received a gift from Okawaru
  9838 | Lair:2   | Reached ***** piety under Okawaru
  9952 | Lair:2   | Noticed a black mamba
  9965 | Lair:2   | Reached skill level 15 in Armour
  9970 | Lair:2   | Killed a black mamba
  9971 | Lair:2   | Reached XP level 11. HP: 43/82 MP: 10/10
 10223 | Lair:2   | Received a gift from Okawaru
 10297 | Lair:2   | Noticed a queen ant
 10427 | Lair:2   | Killed a queen ant
 10428 | Lair:2   | Reached skill level 16 in Armour
 10931 | Lair:2   | Reached skill level 17 in Armour
 10977 | Lair:2   | Noticed a four-headed hydra
 10998 | Lair:2   | Killed a four-headed hydra
 11176 | Lair:2   | Received a gift from Okawaru
 11541 | Lair:2   | Reached skill level 18 in Armour
 11550 | Lair:2   | Noticed an eight-headed hydra
 11560 | Lair:2   | Killed an eight-headed hydra
 11697 | Lair:2   | Reached XP level 12. HP: 90/90 MP: 11/11
 11843 | Lair:3   | Reached ****** piety under Okawaru
 12093 | Lair:3   | Reached skill level 1 in Evocations
 12371 | Lair:3   | Found a hole to the Spider Nest.
 12537 | Lair:3   | Noticed a seven-headed hydra
 12549 | Lair:3   | Noticed a six-headed hydra
 12551 | Lair:3   | Killed a seven-headed hydra
 12552 | Lair:3   | Reached skill level 5 in Evocations
 12562 | Lair:3   | Killed a six-headed hydra
 12852 | Lair:3   | Found a staircase to the Swamp.
 13253 | Lair:2   | Reached skill level 1 in Crossbows
 13902 | Lair:4   | Noticed an eight-headed hydra
 13960 | Lair:4   | Killed an eight-headed hydra
 13961 | Lair:4   | Reached skill level 5 in Crossbows
 13966 | Lair:4   | Received a gift from Okawaru
 14259 | Lair:4   | Noticed Iprivol's ghost (journeyman DsCj)
 14267 | Lair:4   | Found a transporter.
 14310 | Lair:4   | Reached XP level 13. HP: 81/95 MP: 12/12
 14604 | Lair:4   | Found a transporter.
 14816 | Lair:4   | Killed Iprivol's ghost
 14979 | Lair:4   | HP: 4/95 [ice statue] (7)]
 15255 | Lair:5   | Received a gift from Okawaru
 15460 | Lair:5   | You fall into a shaft and drop 1 floor!
 15460 | Lair:6   | Entered Level 6 of the Lair of Beasts
 15473 | Lair:6   | Found a large runed translucent door.
 15473 | Lair:6   | Noticed a fire dragon
 15488 | Lair:6   | Identified the Incunabulum of Feathery Darkness
 15526 | Lair:4   | Reached skill level 10 in Crossbows
 15618 | Lair:4   | Reached skill level 5 in Shields
 15685 | Lair:4   | HP: 4/95 [death yak (14)]
 15714 | Lair:4   | HP: 1/95 [death yak (13)]
 15722 | Lair:4   | HP: 1/95 [death yak (10)]
 15874 | Lair:4   | Slain by a death yak

Illustrated notes

Levels and vault maps discovered:
D:1:      dpeg_arrival_solitude, layout_loops_ring,
          chequers_serial_rivers_small_3
D:2:      layout_loops_ring
D:3:      layout_basic
D:4:      layout_layer_cave, amcnicky_mini_pool_small, grunt_ministairs_14,
          minmay_bisected
D:5:      layout_basic
D:6:      layout_loops_cross
D:7:      layout_loops_corners, pdpol_wu_jian_five_deadly_venoms,
          temple_statues, nicolae_ossuary_entry_ruins
D:8:      layout_basic, minmay_lair_entry_grove, kennysheep_generic_room_7
Temple:   dpeg_three_leaves_temple
Lair:1:   layout_loops_ring, guppyfry_lair_drakes, uniq_grum
Lair:2:   layout_roguey, minivault_29, grunt_megastairs_4
Lair:3:   layout_long_grid, palyth_hydra_swamp_entry, spider_nest_entry_webs,
          beast_lair_carwin_2, lemuel_fruit_fields
Lair:4:   layout_hall_layers, nzn_ghost_randoct
Lair:5:   layout_cave_pods, minmay_lair_oklob_chamber, serial_bayou_shore_a,
          grunt_megastairs_3
Lair:6:   cheibrodos_lair_end_hotspot, layout_misc_corridors,
          minmay_slime_entry_oklob_enclosed

Skill      XL: |  1  2  3  4  5  6  7  8  9 10 11 12 13 |
---------------+----------------------------------------+-----
Maces & Flails | 4 5 6 7 8 9 11 12 | 12.0
Armour         | 6 11 15 18 | 18.6
Shields        | 4 6 |  6.1
Evocations     | 6 |  6.2
Crossbows      | 7 10 | 10.0
Fighting       | |  3.6
Dodging        | |  3.2
Stealth        | |  1.5

Action                   |  1- 3 |  4- 6 |  7- 9 | 10-12 | 13-15 || total
-------------------------+-------+-------+-------+-------+-------++-------
Melee: Mace              |    59 |   204 |    23 |       |       ||   286
       Headbutt          |     4 |    33 |    75 |   188 |    66 ||   366
       Whip              |       |       |   367 |   779 |   263 ||  1409
 Fire: Hand crossbow     |       |       |       |     2 |    16 ||    18
Evoke: Wand              |       |       |       |    16 |     7 ||    23
  Use: Scroll            |     3 |    10 |    12 |    10 |     4 ||    39
       Potion            |       |       |       |     2 |    13 ||    15
 Stab: Sleeping          |       |       |       |     1 |       ||     1
Armor: Scale mail        |    38 |   114 |    93 |   197 |    10 ||   452
       Ring mail         |       |       |       |       |    56 ||    56
       Skin              |       |       |       |       |     9 ||     9
Dodge: Dodged            |    42 |   122 |   107 |   261 |    83 ||   615
Block: Buckler           |       |       |    35 |   112 |    47 ||   194
